 Dungeon Crawl Stone Soup version 0.18-a0-1639-g7533f42 (webtiles) character file.

74972 namelastname112 the Black Belt (level 15, -6/136 HPs)
             Began as a Grey Draconian Monk on Mar 27, 2016.
             Was an Elder of Ru.
             Shot with a bolt by a yaktaur (17 damage)
             ... led by a yaktaur captain
             ... on level 1 of the Depths.
             The game lasted 00:42:46 (26513 turns).

namelastname112 the Black Belt (DrMo)              Turns: 26513, Time: 00:42:47

Health: -6/136     AC: 17    Str: 13    XL:     15   Next: 8%
Magic:  12/12      EV: 28    Int: 11    God:    Ru [****..]
Gold:   982        SH:  6    Dex: 21    Spells: 0 memorised, 14 levels left

rFire  + . .     SeeInvis +       - Unarmed
rCold  . . .     Gourm    +     (armour unavailable)
rNeg   . . .     Faith    .     W - +0 buckler
rPois  .         Spirit   .     (helmet restricted)
rElec  .         Dismiss  .     c - +0 cloak
rCorr  .         Reflect  .     K - +1 pair of gloves {Dex+3}
SustAt .         Harm     .     (no boots)
MR     +....                    w - amulet of the gourmand
Stlth  ..........               o - ring of protection from fire
                                n - +5 ring of evasion

@: somewhat resistant to hostile enchantments, extremely unstealthy
A: walk through water, unfitting armour, horns 2, see invisible, dopey 1, low mp
2, screaming 1, unbreathing, cold-blooded, no stealth, unskilled 1, AC +14
a: Draw Out Power, Power Leap, Renounce Religion


You were on level 1 of the Depths.
You worshipped Ru.
Ru was greatly pleased with you.
You were very full.

You visited 3 branches of the dungeon, and saw 18 of its levels.
You also visited: Ossuary.

You collected 1079 gold pieces.
You spent 97 gold pieces at shops.

Inventory:

Hand Weapons
 p - the +8 frozen axe "Frostbite" {freezing cloud, *Noise +Fly rC+}
   (You took it off an orc warrior on level 12 of the Dungeon)

   It has been specially enchanted to freeze those struck by it, causing extra
   injury to most foes and up to half again as much damage against particularly
   susceptible opponents.
   It can also slow down cold-blooded creatures.
   It protects you from cold.
   It lets you fly.
   It may make noises in combat.
Armour
 c - a +0 cloak (worn)
 K - a +1 pair of gloves of dexterity (worn)
 W - a +0 buckler (worn)
 X - a +0 shield
Jewellery
 n - a +5 ring of evasion (left hand)
 o - a ring of protection from fire (right hand)
 v - the amulet "Geja" {Inacc MR+ Str+4}
   (You found it on level 5 of the Dungeon)

   [amulet of inaccuracy]

   It reduces the accuracy of all your attacks.
   It affects your strength (+4).
   It affects your resistance to hostile enchantments.
 w - an amulet of the gourmand (around neck)
 Y - an uncursed ring of protection from fire
Wands
 x - a wand of enslavement (15/24)
 C - a wand of enslavement (12/24)
 E - a wand of paralysis (1/24)
 H - a wand of paralysis (12/24)
Scrolls
 l - 4 scrolls of fear
 m - 6 scrolls of teleportation
 t - 2 scrolls of magic mapping
 y - 2 scrolls of blinking
 z - a scroll of enchant weapon
 B - 2 scrolls of enchant armour
 D - 3 scrolls of remove curse
 L - 2 scrolls of identify
 S - 3 scrolls of amnesia
Potions
 b - 2 potions of magic
 e - 4 potions of brilliance
 g - 3 potions of cure mutation
 h - 13 potions of curing
 q - 6 potions of might
 r - a potion of resistance
 s - a potion of berserk rage
 A - a potion of ambrosia
 G - 2 potions of haste
 M - 2 potions of flight
 Q - a potion of cancellation
 U - 2 potions of heal wounds
 V - a potion of invisibility
Books
 d - a book of Envenomations

   Spells                             Type                      Level
   a - Spider Form                    Transmutation/Poison         3
   b - Olgreb's Toxic Radiance        Poison                       4
   c - Alistair's Intoxication        Transmutation/Poison         5
   d - Poisonous Cloud                Conjuration/Poison/Air       6
 f - a book of Clouds

   Spells                             Type                      Level
   a - Mephitic Cloud                 Conjuration/Poison/Air       3
   b - Conjure Flame                  Conjuration/Fire             3
   c - Poisonous Cloud                Conjuration/Poison/Air       6
   d - Freezing Cloud                 Conjuration/Ice/Air          6
   e - Ring of Flames                 Charms/Fire                  7
 j - a book of the Tempests

   Spells                             Type                      Level
   a - Static Discharge               Conjuration/Air              3
   b - Lightning Bolt                 Conjuration/Air              5
   c - Fireball                       Conjuration/Fire             5
   d - Tornado                        Air                          9
   e - Shatter                        Earth                        9
 F - a book of Power

   Spells                             Type                      Level
   a - Fulminant Prism                Conjuration/Hexes            4
   b - Iskenderun's Mystic Blast      Conjuration                  4
   c - Venom Bolt                     Conjuration/Poison           5
   d - Bolt of Magma                  Conjuration/Fire/Earth       5
   e - Iron Shot                      Conjuration/Earth            6
   f - Orb of Destruction             Conjuration                  7
   g - Spellforged Servitor           Conjuration/Summoning        7
 J - a book of Party Tricks

   Spells                             Type                      Level
   a - Summon Butterflies             Summoning                    1
   b - Apportation                    Translocation                1
   c - Tukima's Dance                 Hexes                        3
   d - Alistair's Intoxication        Transmutation/Poison         5
   e - Invisibility                   Hexes                        6
 P - a book of Fire

   Spells                             Type                      Level
   a - Ignite Poison                  Fire/Transmutation/Poison    3
   b - Fireball                       Conjuration/Fire             5
   c - Bolt of Fire                   Conjuration/Fire             6
   d - Delayed Fireball               Conjuration/Fire             7
   e - Ring of Flames                 Charms/Fire                  7
 T - an Akashic Record

   Spells                             Type                      Level
   a - Dispersal                      Translocation                6
   b - Malign Gateway                 Summoning/Translocation      7
   c - Disjunction                    Translocation                8
   d - Controlled Blink               Translocation                8
Miscellaneous
 N - a lamp of fire
Comestibles
 a - 13 bread rations
 i - 4 chunks of flesh
 k - 3 beef jerkies
 u - 5 slices of pizza


   Skills:
 + Level 13.3 Fighting
 + Level 11.2 Dodging
 + Level 4.5 Shields
 * Level 17.0 Unarmed Combat


You had 14 spell levels left.
You didn't know any spells.

Dungeon Overview and Level Annotations

Branches:
Dungeon (15/15)            Temple (1/1) D:7            Lair (0/8) D:11
    Orc (0/2) D:11         Vaults (0/5) D:13         Depths (2/5) D:15

Altars:
Ashenzari
Cheibriados
Dithmenos
Elyvilon
Fedhas
Gozag
Kikubaaqudgha
Makhleb
Nemelex Xobeh
Okawaru
Pakellas
Qazlal
Ru
Sif Muna
Trog
Vehumet
Xom
Yredelemnul
Zin
The Shining One
Beogh

Shops:
D:6 ?   D:12 ?   D:14 *

Portals:
Hell: Depths:2


Innate Abilities, Weirdness & Mutations

You can walk through water.
Your dull iron-grey scales are very hard (AC +14).
Your body does not fit into most forms of armour.
You are dopey. (Int -2)
Your magical capacity is very low (-20% MP).
You occasionally shout uncontrollably at your foes.
You can survive without breathing.
You are cold-blooded and may be slowed by cold attacks.
You cannot be stealthy.
You are somewhat unskilled (-1 Apt).
You have a pair of horns on your head.
You have supernaturally acute eyesight.


Message History

You block the yaktaur's attack.
You see here 2 bolts.
The yaktaur hits you!!
* * * LOW HITPOINT WARNING * * *
You focus your will and slow the yaktaur in retribution!
The yaktaur is stunned by your will and fails to attack.
The yaktaur rages.
The yaktaur is stunned by your will and fails to attack.
The yaktaur is no longer moving slowly.
You block the yaktaur's attack. The yaktaur completely misses you.
The yaktaur hits you!
* * * LOW HITPOINT WARNING * * *
Things that are here:
an uncursed arbalest; 8 bolts of penetration You block the yaktaur's attack.
The yaktaur is no longer berserk.
The yaktaur wields an uncursed arbalest.
The yaktaur shoots a bolt.
The bolt hits you!
You die...

## #..........)((....#
#..........##(#####
##..........##.# #...........##.#
## ##...<....>###.# #.
##.........# #.#############.
#..........# #...............
##.........###)).c..c.###....
#.(........@.c.##.##.# #.###
#..........######.##.# #.#
######..........# #.##c# #.###
................# #.##.###....
................# #.##...c#.#.
.......>........######.##.####.#(
................##.....##.####.#.
................##..#####....#.#.
................##..(.....####.##


You could see 2 yaktaurs.

Vanquished Creatures
  Jorgrun (D:15)
  Wiglaf (Depths:1)
  An orc warlord (D:12)
  4 very ugly things
  A stone giant (Depths:1)
  An ettin (D:13)
  A merfolk impaler (Depths:1)
  An entropy weaver (D:15)
  2 hydras
  A rakshasa (Depths:1)
  6 centaur warriors
  A tengu warrior (D:13)
  3 skeletal warriors
  An unseen horror (D:12)
  A deep troll (shapeshifter) (D:15)
  A giant orange brain (D:15)
  A wizard (D:15)
  15 hill giants
  18 ugly things
  3 deep elf magi
  A necromancer (D:13)
  6 cyclopes
  2 manticores
  Maurice (D:10)
  Joseph (D:10)
  2 gargoyles
  Psyche (D:10)
  4 yaktaurs (Depths:1)
  A troll (shapeshifter) (D:13)
  3 trolls
  A tengu conjurer (D:13)
  2 two-headed ogres (Depths:1)
  Prince Ribbit (D:4)
  10 slime creatures
  A spriggan (D:10)
  Sigmund (D:6)
  A tarantella (D:15)
  2 water elementals (Depths:1)
  2 wraiths
  A redback (D:15)
  4 wyverns
  Eustachio (D:5)
  55 yaks
  A basilisk (D:12)
  3 hungry ghosts
  3 hippogriffs
  4 mottled dragons
  A water moccasin (D:12)
  Duvessa (D:6)
  4 sky beasts
  5 ice beasts
  25 orc warriors
  2 eyes of draining (D:13)
  A black bear (D:10)
  A necrophage (D:11)
  2 phantoms
  4 wasps
  11 ogres
  26 centaurs
  A crocodile (D:13)
  4 big kobolds
  12 giant frogs
  A gnoll sergeant (D:8)
  4 water moccasin zombies (Ossuary)
  Dowan (D:6)
  A water moccasin skeleton (D:5)
  2 scorpions
  13 killer bees
  11 wights
  5 howler monkeys
  An electric eel (D:13)
  A lava snake (D:12)
  10 crimson imps
  A wasp zombie (D:7)
  42 jellies
  A quasit (D:13)
  3 centaur zombies
  10 orc priests
  2 giant frog zombies
  Crazy Yiuf (D:5)
  4 hounds
  8 orc wizards
  5 centaur skeletons
  4 iguanas
  11 worker ants
  A killer bee zombie (D:7)
  3 big kobold zombies (Ossuary)
  2 hound skeletons
  2 mummies (Ossuary)
  A worker ant zombie (D:6)
  15 adders
  4 gnolls
  2 shadow imps (D:13)
  A white imp (Depths:1)
  An ooze (D:3)
  An adder skeleton (D:9)
  5 adder zombies (Ossuary)
  4 worms
  2 dart slugs
  8 giant geckos
  55 orcs
  A ball python (D:2)
  5 giant cockroaches
  A gnoll zombie (Ossuary)
  7 goblins
  8 hobgoblins
  9 jackals
  2 quokkas
  13 bats
  2 giant newts
  5 hobgoblin zombies (Ossuary)
  28 kobolds
  5 kobold zombies (Ossuary)
  3 orc zombies (Ossuary)
  9 rats
  A fire vortex (D:13)
627 creatures vanquished.

Vanquished Creatures (collateral kills)
  An orc priest (D:4)
  3 orcs
4 creatures vanquished.

Vanquished Creatures (others)
  A fire giant (D:15)
  A salamander stormcaller (D:13)
  An ogre mage (Depths:1)
  A centaur warrior (D:15)
  A slime creature (D:14)
  A wyvern (D:13)
  An orc warrior (D:12)
  A centaur (D:14)
  A hound (D:4)
  2 orcs (D:12)
  A giant gecko skeleton (D:4)
  2 kobolds
14 creatures vanquished.

Grand Total: 645 creatures vanquished

Notes
Turn   | Place    | Note
--------------------------------------------------------------
     0 | D:1      | namelastname112 the Draconian Monk began the quest for the Orb.
     0 | D:1      | Reached XP level 1. HP: 19/19 MP: 1/1
    47 | D:1      | jacquesderrida: ICE DREGING TIEM
   156 | D:1      | Reached XP level 2. HP: 26/26 MP: 2/2
   394 | D:1      | Reached skill level 5 in Unarmed Combat
   394 | D:1      | Reached XP level 3. HP: 11/31 MP: 3/3
   890 | D:2      | Found a faded altar to an unknown god.
   998 | D:2      | Reached XP level 4. HP: 25/38 MP: 4/4
  1323 | D:2      | Reached skill level 6 in Unarmed Combat
  1722 | D:3      | jacquesderrida: HARAN!!!!
  1813 | D:3      | Found a sparkling altar of Nemelex Xobeh.
  1819 | D:3      | namelastname112: dinner time
  1879 | D:3      | Reached XP level 5. HP: 41/45 MP: 5/5
  1967 | D:4      | jacquesderrida: thank
  2085 | D:4      | Reached skill level 7 in Unarmed Combat
  2132 | D:4      | Found a sand-covered staircase.
  2136 | Ossuary  | Entered an ossuary
  2253 | Ossuary  | jacquesderrida: deeeeeeeeeeeeeeng
  2295 | Ossuary  | Reached XP level 6. HP: 34/51 MP: 6/6
  2299 | Ossuary  | jacquesderrida: AIS INCOMING
  2323 | Ossuary  | jacquesderrida: HEH
  2792 | Ossuary  | Reached skill level 8 in Unarmed Combat
  2821 | Ossuary  | Your scales start taking on a dull iron-grey colour.
  2821 | Ossuary  | Reached XP level 7. HP: 17/57 MP: 7/7
  2821 | Ossuary  | Gained mutation: You can survive without breathing. [Grey Draconian growth]
  3036 | Ossuary  | jacquesderrida: lal
  3103 | Ossuary  | jacquesderrida: grey was the last bet!!
  3111 | Ossuary  | jacquesderrida: GIBBE AIS
  3525 | D:4      | jacquesderrida: grey a kool
  3709 | D:4      | xeno23: go get that gold
  3716 | D:4      | xeno23: or no balls
  3834 | D:4      | jacquesderrida: blue balls
  3834 | D:4      | namelastname112: who needs balls
  3834 | D:4      | jacquesderrida: X E N A
  3834 | D:4      | namelastname112: when you have innac
  3835 | D:5      | Entered Level 5 of the Dungeon
  3835 | D:5      | Noticed Prince Ribbit
  3882 | D:5      | Reached skill level 9 in Unarmed Combat
  3955 | D:5      | xeno23: it's xenO
  3972 | D:5      | jacquesderrida: What is?!
  3976 | D:5      | xeno23: rip
  4085 | D:5      | jacquesderrida: XENA WHAT ARE YOU ON ABOUT
  4103 | D:4      | jacquesderrida: deeeeeng
  4108 | D:4      | jacquesderrida: prince robert
  4129 | D:4      | Killed Prince Ribbit
  4330 | D:5      | Got a vibrating bronze amulet
  4331 | D:5      | Noticed Eustachio
  4400 | D:5      | jacquesderrida: PUT IT ON
  4403 | D:5      | jacquesderrida: PLS I BAGE
  4407 | D:5      | Gained mutation: You passively map a small area around you. [potion of mutation]
  4407 | D:5      | Gained mutation: You have a pair of small horns on your head. [potion of mutation]
  4407 | D:5      | Gained mutation: You have a pair of horns on your head. [potion of mutation]
  4408 | D:5      | Gained mutation: Your magical capacity is low (-10% MP). [potion of mutation]
  4408 | D:5      | Gained mutation: Your mind is acute. (Int +2) [potion of mutation]
  4409 | D:5      | Gained mutation: You have supernaturally acute eyesight. [potion of mutation]
  4410 | D:5      | Lost mutation: Your mind is acute. (Int +2) [potion of mutation]
  4410 | D:5      | Gained mutation: Your mind is acute. (Int +2) [potion of mutation]
  4410 | D:5      | Lost mutation: You passively map a small area around you. [potion of mutation]
  4411 | D:5      | jacquesderrida: STAHP!...
  4411 | D:5      | jacquesderrida: PLS
  4448 | D:5      | jacquesderrida: noice
  4455 | D:5      | jacquesderrida: AMI
  4456 | D:5      | jacquesderrida: PLS
  4510 | D:5      | Killed Eustachio
  4510 | D:5      | Reached skill level 10 in Unarmed Combat
  4510 | D:5      | Reached XP level 8. HP: 60/63 MP: 7/7
  4603 | D:5      | Found a basalt altar of Yredelemnul.
  4850 | D:5      | jacquesderrida: vibrator
  4956 | D:5      | Noticed Crazy Yiuf
  4965 | D:5      | jacquesderrida: NO
  4969 | D:5      | Killed Crazy Yiuf
  4969 | D:5      | Reached skill level 11 in Unarmed Combat
  5192 | D:5      | Found a shattered altar of Ashenzari.
  5193 | D:5      | Found a blossoming altar of Fedhas.
  5272 | D:5      | namelastname112: where is my remove curse
  5312 | D:6      | jacquesderrida: IT WAS REMOVED!!!!!!
  5378 | D:6      | Found Ciqucvukh's Magic Scroll Shoppe.
  5397 | D:6      | Identified the amulet "Geja" {Inacc MR+ Str+4} (You found it on level 5 of the Dungeon)
  5398 | D:6      | jacquesderrida: HEH
  5398 | D:6      | jacquesderrida: E
  5398 | D:6      | jacquesderrida: H
  5412 | D:6      | Bought a scroll of blinking for 97 gold pieces
  5514 | D:6      | Noticed Dowan
  5516 | D:6      | Noticed Duvessa
  5520 | D:6      | jacquesderrida: EMM AR MITE B KOOL
  5786 | D:6      | Reached skill level 12 in Unarmed Combat
  5817 | D:6      | Noticed Sigmund
  5846 | D:6      | Killed Sigmund
  5846 | D:6      | jacquesderrida: porked
  5846 | D:6      | Reached XP level 9. HP: 47/70 MP: 8/8
  5871 | D:6      | namelastname112: spined
  6101 | D:6      | jacquesderrida: porked in da poo poo
  6158 | D:6      | jacquesderrida: nais
  6235 | D:6      | jacquesderrida: STAHP
  6269 | D:6      | Killed Duvessa
  6278 | D:6      | Killed Dowan
  6316 | D:7      | Found a staircase to the Ecumenical Temple.
  6339 | Temple   | Entered the Ecumenical Temple
  6465 | Temple   | jacquesderrida: RU
  6468 | Temple   | jacquesderrida: URURURUR
  6468 | Temple   | Became a worshipper of Ru the Awakened
  6469 | Temple   | jacquesderrida: THanks
  6483 | D:7      | xeno23: hand
  6483 | D:7      | jacquesderrida: HEND
  6483 | D:7      | jacquesderrida: lal
  6483 | D:7      | namelastname112: no
  6483 | D:7      | jacquesderrida: H A N D
  6483 | D:7      | jacquesderrida: A
  6483 | D:7      | jacquesderrida: N
  6483 | D:7      | jacquesderrida: D
  6484 | D:7      | xeno23: HAND
  6508 | D:7      | Reached skill level 13 in Unarmed Combat
  6606 | D:7      | Found a bloodstained altar of Trog.
  6612 | D:7      | jacquesderrida: W e a k
  6726 | D:7      | Noticed a cyclops
  6735 | D:7      | Killed a cyclops
  6738 | D:7      | Reached skill level 14 in Unarmed Combat
  6740 | D:7      | jacquesderrida: deeeeeng
  6886 | D:7      | jacquesderrida: cycloper
  7013 | D:7      | Found a white marble altar of Elyvilon.
  7055 | D:7      | Found a deep blue altar of Sif Muna.
  7373 | D:8      | Found a shimmering altar of Xom.
  7398 | D:8      | Reached XP level 10. HP: 78/78 MP: 9/9
  8033 | D:8      | Found a glowing golden altar of the Shining One.
  8108 | D:9      | jacquesderrida: IMMO
  8150 | D:9      | jacquesderrida: WHY U NO IMMP
  8150 | D:9      | jacquesderrida: IMMO
  8150 | D:9      | namelastname112: mimmo
  8172 | D:9      | Reached skill level 5 in Fighting
  8216 | D:9      | jacquesderrida: r u mime
  8316 | D:9      | namelastname112: i'm a mom
  8342 | D:9      | jacquesderrida: mame
  8366 | D:9      | Reached skill level 5 in Dodging
  8436 | D:9      | jacquesderrida: maimed mame
  8454 | D:9      | jacquesderrida: AI
  8454 | D:9      | Gained mutation: You are somewhat unskilled (-1 Apt). [Ru sacrifice]
  8454 | D:9      | Reduced skill Fighting to level 5
  8454 | D:9      | Reduced skill Unarmed Combat to level 13
  8454 | D:9      | Reached * piety under Ru
  8802 | D:9      | Reached skill level 5 in Dodging
  8927 | D:9      | jacquesderrida: daaaaaaaane
  9234 | D:10     | Entered Level 10 of the Dungeon
  9274 | D:10     | Noticed Psyche
  9283 | D:10     | Killed Psyche
  9284 | D:10     | Reached XP level 11. HP: 88/90 MP: 9/9
  9289 | D:10     | jacquesderrida: psyched
  9399 | D:10     | Noticed Maurice
  9400 | D:10     | jacquesderrida: MORIS
  9407 | D:10     | Killed Maurice
  9436 | D:10     | jacquesderrida: dayne mayne
  9446 | D:10     | Noticed a hill giant
  9448 | D:10     | Noticed a hill giant
  9449 | D:10     | jacquesderrida: RIPPED
  9635 | D:10     | Killed a hill giant
  9661 | D:9      | jacquesderrida: no
  9950 | D:10     | Killed a hill giant
  9950 | D:10     | Reached skill level 14 in Unarmed Combat
 10088 | D:10     | Noticed Joseph
 10097 | D:10     | Killed Joseph
 10507 | D:11     | Noticed a hill giant
 10522 | D:11     | Killed a hill giant
 10526 | D:11     | Gained mutation: Your magical capacity is very low (-20% MP). [Ru sacrifice]
 10526 | D:11     | Reached ** piety under Ru
 10671 | D:11     | Noticed a hill giant
 10672 | D:11     | Found a sacrificial altar of Ru.
 10973 | D:11     | Killed a hill giant
 11108 | D:11     | Found a staircase to the Lair.
 11112 | D:11     | Noticed a brown ugly thing
 11130 | D:11     | Killed a brown ugly thing
 11352 | D:11     | Found a staircase to the Orcish Mines.
 11379 | D:11     | Found a roughly hewn altar of Beogh.
 11548 | D:11     | Noticed a hill giant
 11556 | D:11     | Killed a hill giant
 11709 | D:12     | Noticed a centaur warrior
 11722 | D:12     | Killed a centaur warrior
 11722 | D:12     | Reached XP level 12. HP: 78/102 MP: 9/9
 12111 | D:12     | Found Kaenocy's Magic Scroll Shoppe.
 12537 | D:12     | Gained mutation: You occasionally shout uncontrollably at your foes. [Ru sacrifice]
 12707 | D:12     | jacquesderrida: mottler
 13097 | D:12     | jacquesderrida: WAT IT
 13142 | D:12     | jacquesderrida: PLS GO THERE
 13179 | D:12     | namelastname112: no
 13179 | D:12     | jacquesderrida: PLS KYL AL
 13179 | D:12     | namelastname112: later
 13255 | D:13     | Noticed an ettin
 13445 | D:13     | Reached skill level 15 in Unarmed Combat
 13736 | D:13     | Reached skill level 10 in Fighting
 13778 | D:13     | Killed an ettin
 14390 | D:13     | Noticed a tengu warrior
 14810 | D:13     | Killed a tengu warrior
 14957 | D:13     | Reached skill level 1 in Shields
 14957 | D:13     | Reached XP level 13. HP: 40/113 MP: 10/10
 15371 | D:13     | Found a gate to the Vaults.
 15750 | D:14     | Noticed a salamander stormcaller
 16772 | D:13     | Killed a salamander stormcaller
 17658 | D:14     | Lost mutation: Your mind is acute. (Int +2) [Ru sacrifice]
 17658 | D:14     | Gained mutation: You are dopey. (Int -2) [Ru sacrifice]
 17658 | D:14     | Reached *** piety under Ru
 19274 | D:13     | Reached skill level 16 in Unarmed Combat
 19442 | D:14     | Found Meddol's Demolitions Depot.
 19449 | D:14     | Reached skill level 10 in Dodging
 19903 | D:12     | Reached XP level 14. HP: 116/124 MP: 11/11
 21052 | D:12     | namelastname112: scary
 21101 | D:12     | Noticed an orc warlord
 21102 | D:12     | Found an iron altar of Okawaru.
 21141 | D:12     | Killed an orc warlord
 21621 | D:15     | Entered Level 15 of the Dungeon
 21741 | D:15     | Gained mutation: You cannot be stealthy. [Ru sacrifice]
 21741 | D:15     | Reached **** piety under Ru
 21785 | D:15     | Found a staircase to the Depths.
 21786 | D:15     | Noticed a fire giant
 21824 | D:15     | Killed a fire giant
 22842 | Depths:1 | Entered Level 1 of the Depths
 22842 | Depths:1 | Noticed Jorgrun
 22842 | Depths:1 | Noticed a white very ugly thing
 22842 | Depths:1 | Noticed a white very ugly thing
 22842 | Depths:1 | Noticed a white very ugly thing
 22875 | D:15     | Killed a white very ugly thing
 23396 | D:15     | Killed a white very ugly thing
 23481 | D:15     | Killed a purple very ugly thing
 24062 | D:15     | Killed Jorgrun
 24877 | Depths:1 | Noticed a stone giant
 24900 | Depths:1 | Killed a stone giant
 25146 | Depths:1 | Noticed Wiglaf
 25167 | Depths:1 | Killed Wiglaf
 25551 | Depths:1 | Reached XP level 15. HP: 92/136 MP: 7/12
 25955 | Depths:1 | Noticed Mara
 25958 | Depths:1 | Noticed namelastname112's illusion
 26175 | Depths:1 | Reached skill level 17 in Unarmed Combat
 26262 | Depths:2 | Found a gateway to Hell.
 26264 | Depths:2 | Noticed a fire giant
 26513 | Depths:1 | Shot with a bolt by a yaktaur

Vault maps used:
D:1:      elethiomel_arrival_infinity_welcomes_careful_drivers
D:2:      ecumenical_altar_2
D:3:      nemelex_altar_shiori, first_bread
D:4:      nicolae_ossuary_entry_false_entrances, lemuel_flame_loot_1
D:5:      overflow_temple_1_default, minitemple, kennysheep_cluttered_room,
          uniq_crazy_yiuf_cottage, uniq_prince_ribbit1, uniq_eustachio
D:6:      serial_shops, nicolae_shop_window_shopping, uniq_duvessa, uniq_sigmund
D:7:      nicolae_overflow_crystal_walls, lemuel_crystal_altar,
          kennysheep_mini_moat, minmay_temple_entry_mist
D:8:      lemuel_crystal_altar, nicolae_tso_swordbearing_angel
D:9:      special_room, minivault_27, kennysheep_generic_room_15
D:10:     the_bakery, kennysheep_pointless_box, uniq_joseph, uniq_psyche,
          uniq_maurice
D:11:     lair_0_dummy, minmay_orc_entry_temple_small, basic_altar
D:12:     evilmike_iron_armoury, serial_shops, shop, kennysheep_generic_room_16
D:13:     david_vaults_4
D:14:     minmay_misc_feat_pillars, st_stairs_7, nicolae_blasting_shop
D:15:     grunt_enter_depths_giant_problem, minivault_11, kennysheep_flooded_box
Temple:   triangle_lava_temple_11
Depths:1: hell_entry, grunt_decor_fettered, dk_noncrumbling_3, wad_hexagon,
          uniq_wiglaf, uniq_jorgrun, uniq_mara
Depths:2: kennysheep_cluttered_fort, hangedman_coc_ice_floe, grunt_decor_cap,
          glass_columns_c, minmay_staircase_statues
Ossuary:  ossuary_tomb_2

Skill      XL: |  1  2  3  4  5  6  7  8  9 10 11 12 13 14 15 |
---------------+----------------------------------------------+-----
Unarmed Combat | 5 6 7 8 10 12 14 13 14 15 16 17 | 17.0
Dodging        | 3 5 7 8 10 11 | 11.2
Fighting       | 6 8 10 11 13 | 13.3
Shields        | 1 4 |  4.5
Stealth        | 0 |  0.0

Action                   |  1- 3 |  4- 6 |  7- 9 | 10-12 | 13-15 || total
-------------------------+-------+-------+-------+-------+-------++-------
Melee: Unarmed           |   127 |   237 |   472 |   943 |  1203 ||  2982
Invok: Reject Sacrifices |       |       |     1 |       |       ||     1
       Sacrifice Skill   |       |       |       |     1 |       ||     1
       Sacrifice Essence |       |       |       |     1 |       ||     1
       Sacrifice Purity  |       |       |       |     1 |     1 ||     2
       Draw Out Power    |       |       |       |       |     1 ||     1
       Power Leap        |       |       |       |       |    11 ||    11
       Sacrifice Stealth |       |       |       |       |     1 ||     1
Evoke: Wand              |       |       |     7 |     5 |     7 ||    19
       Lamp of fire      |       |       |       |     1 |     1 ||     2
  Use: Scroll            |       |    11 |     9 |    13 |     6 ||    39
       Potion            |       |     1 |     7 |     1 |     2 ||    11
 Stab: Sleeping          |     4 |     3 |     8 |     6 |       ||    21
       Distracted        |     1 |       |     2 |     2 |     7 ||    12
       Invisible         |       |       |     3 |     1 |    11 ||    15
       Paralysed         |       |       |     3 |       |       ||     3
  Eat: Chunk             |       |     8 |    13 |    23 |    22 ||    66
       Royal jelly       |       |       |     1 |       |     2 ||     3
       Meat ration       |       |       |     1 |     1 |     2 ||     4
       Fruit             |       |       |       |       |     1 ||     1
       Bread ration      |       |       |       |       |     1 ||     1
